 Dungeon Crawl Stone Soup version 0.31-a0-654-gbe3e110b4e (webtiles) character file.

Game seed: 14131198349284216002

116 Dirtsage the Changeling (level 5, -3/33 HPs)
             Began as an Octopode Shapeshifter on Aug 29, 2023.
             Slain by a scorpion (6 damage)
             ... on level 6 of the Dungeon.
             The game lasted 00:05:18 (2025 turns).

Dirtsage the Changeling (Octopode Shapeshifter)     Turns: 2025, Time: 00:05:19

Health: -3/33      AC:  1    Str: 15    XL:     5   Next: 1%
Magic:  5/5        EV: 13    Int: 13    God:
Gold:   84         SH:  0    Dex: 11    Spells: 4/4 levels left

rFire   . .          .
                       - Unarmed
rCold   . . .        (no shield)
rNeg    . . .        (helmet currently unavailable)
rPois   .            (no amulet)
rElec   .            (no ring)
rCorr   .            (no ring)
SInv    .            (no ring)
Will    .....        (no ring)
Stlth   ++           (no ring)
HPRegen 0.25/turn    (no ring)
MPRegen 0.09/turn    (no ring)
                     (no ring)

%: no passive effects
@: lethally poisoned (-3 -> -20), beast-form, hasted, very quick
A: beast (slay +2), almost no armour, amphibious, 8 rings, camouflage 1,
gelatinous body 1, (nimble swimmer 1), tentacles
a: Begin Untransformation


You were on level 6 of the Dungeon.
You were a hulking beast.
You visited 1 branch of the dungeon, and saw 5 of its levels.

You collected 84 gold pieces.

Inventory:

Armour
 e - a +2 kite shield
Talismans
 b - a beast talisman (active)
 c - a flux talisman
Scrolls
 a - a scroll of fear {unknown}
 d - 5 scrolls of identify {unknown}
 g - a scroll of revelation {unknown}
 i - a scroll of vulnerability {unknown}
Potions
 f - 2 potions of attraction {unknown}
 h - a potion of haste
 j - a potion of mutation {unknown}


   Skills:
 - Level 1.0 Fighting
 - Level 2.0 Dodging
 + Level 4.2 Unarmed Combat
 * Level 4.3 Shapeshifting


You had 4 spell levels left.
You didn't know any spells.
Your spell library contained the following spells:

 Spells                   Type           Power      Damage    Failure   Level
 Stone Arrow              Conj/Erth      0%         3d7       67%         3
 Lehudib's Crystal Spear  Conj/Erth      0%         10d2      100%        8
 Animate Armour           Summ/Erth      Unusable   N/A       N/A         4

Dungeon Overview and Level Annotations

Branches:
Dungeon (6/15)
 Temple: D:4-7

Altars:


Innate Abilities, Weirdness & Mutations

You are a hulking beast.
Your limbs bulge with bestial killing power. (Slay +2)
You cannot wear most types of armour.
You are amphibious.
You can wear up to eight rings at the same time.
Your skin changes colour to match your surroundings (Stealth+).
Your rubbery body absorbs attacks. (AC +1, EV +1)
((You are camouflaged when in or above water. (Stealth+)))
You have tentacles for arms and can constrict up to eight enemies at once.


Message History

Your squeeze misses the orc. The orc closely misses you.
You tentacle-slap the orc. You grab the orc.
The orc is heavily wounded.
You constrict the orc. The orc misses you.
You tentacle-slap the orc.
You kill the orc!
You have reached level 5!
You feel clever.
You regained 5 hp, and now have 31/33 hp.
MP restored: 5
There is an open door here.
Health restored: 33 A scorpion comes into view.
The scorpion stings you.
You take 5 damage, and have 28/33 hp.
You tentacle-slap the scorpion but do no damage.
Your grab misses the scorpion.
Your tentacle-slap misses the scorpion.
Your squeeze misses the scorpion. The scorpion stings you.
You are poisoned.
The scorpion poisons you!
You take 4 damage, and have 24/33 hp.
You closely miss the scorpion. You grab the scorpion.
You constrict the scorpion.
You feel very sick. The scorpion stings you.
You take 8 damage, and have 16/33 hp.
MASSIVE DAMAGE!!
You tentacle-slap the scorpion.
The scorpion is moderately wounded.
You constrict the scorpion, but do no damage.
You feel sick. The scorpion stings you!
* * * LOW HITPOINT WARNING * * *
You are more poisoned.
The scorpion poisons you!
You take 8 damage, and have 8/33 hp.
MASSIVE DAMAGE!!
It was a potion of haste.
You feel yourself speed up.
You constrict the scorpion, but do no damage.
* * * LOW HITPOINT WARNING * * *
You feel very sick. The scorpion stings you.
You die...

########## #........# .
#........# ...
########........###.....
.).....'........hs."....
########............####
##'######....# #####.#
#....# #.....# #....#
#.##### #....# ####.####
###### #.......#
#.###...#


You could see a scorpion.

Vanquished Creatures
  A hound (D:6)
  An adder (D:2)
  A worm (D:2)
  2 dart slugs (D:2)
  An orc (D:6)
  9 ball pythons
  5 endoplasms
  2 giant cockroaches (D:1)
  8 hobgoblins
  16 jackals
  A quokka (D:5)
  2 bats (D:2)
  2 frilled lizards
  3 kobolds
  3 rats (D:2)
57 creatures vanquished.

Notes
Turn   | Place    | Note
-------+----------+-------------------------------------------
     0 | D:1      | Dirtsage the Octopode Shapeshifter began the quest for the
                  | Orb.
     0 | D:1      | Reached XP level 1. HP: 13/13 MP: 1/1
   229 | D:1      | Reached XP level 2. HP: 18/18 MP: 2/2
   631 | D:2      | Reached XP level 3. HP: 23/23 MP: 3/3
  1145 | D:2      | Reached XP level 4. HP: 28/28 MP: 4/4
  1891 | D:3      | You fall into a shaft and drop 3 floors!
  1921 | D:5      | Entered Level 5 of the Dungeon
  2007 | D:6      | Reached XP level 5. HP: 31/33 MP: 5/5
  2025 | D:6      | Slain by a scorpion

Illustrated notes

Levels and vault maps discovered:
D:1:      lemuel_arrival_river_ford, layout_basic, minivault_19
D:2:      layout_loops_ring, kennysheep_generic_room_2
D:3:      layout_basic, mainiacjoe_overflow_alcove_2,
          chequers_serial_rivers_small_3, nicolae_half_adder, uniq_sigmund,
          uniq_robin, uniq_ijyb
D:5:      layout_basic
D:6:      layout_basic, enter_ossuary_1

Skill      XL: |  1  2  3  4 |
---------------+-------------+-----
Unarmed Combat | 4 |  4.2
Shapeshifting  | 4 |  4.3
Fighting       | |  1.0
Dodging        | |  2.0

Action                     |  1- 3 |  4- 6 || total
---------------------------+-------+-------++-------
  Melee: Unarmed           |    73 |    43 ||   116
         Constrict         |    22 |    10 ||    32
         Tentacles         |    12 |    10 ||    22
         Punch             |       |     1 ||     1
    Use: Potion            |     1 |     1 ||     2
   Stab: Sleeping          |     6 |     2 ||     8
         Distracted        |     1 |       ||     1
 Armour: Skin              |    10 |     2 ||    12
  Dodge: Dodged            |    31 |    18 ||    49
  Block: Kite shield       |    25 |       ||    25

Table legend: (Time is in decaauts)
 A = Elapsed time spent in this place.
 B = Non-inter-level travel time spent in this place.
 C = Inter-level travel time spent in this place.
 D = Time resting spent in this place.
 E = Time spent auto-exploring this place.
 F = Levels seen in this place.
 G = Mean time per level.
                   A        B        C        D        E       F      G
               +--------+--------+--------+--------+--------+-----+--------+
         Total |   2032 |   1937 |     95 |    179 |   1346 |   5 |  406.4 |
       Dungeon |   2032 |   1937 |     95 |    179 |   1346 |   5 |  406.4 |
               +--------+--------+--------+--------+--------+-----+--------+

Top non-repeatable levels by time:
     D:2: 1002 daAuts
     D:1: 619 daAuts
     D:3: 277 daAuts
     D:6: 114 daAuts
     D:5: 18 daAuts
